 Dungeon Crawl Stone Soup version 0.31.0-11-ge490571c62 (webtiles) character file.

Game seed: 6211720440166388445

81 qw the Shooter (level 4, -1/25 HPs)
             Began as a Deep Elf Hunter on Feb 4, 2024.
             Killed from afar by Sigmund (9 damage)
             ... with a magic dart
             ... on level 2 of the Dungeon.
             The game lasted 00:00:03 (1079 turns).

qw the Shooter (Deep Elf Hunter)                    Turns: 1079, Time: 00:00:04

Health: -1/25      AC:  3    Str: 10    XL:     4   Next: 20%
Magic:  6/6        EV: 12    Int: 14    God:
Gold:   87         SH:  0    Dex: 18    Spells: 3/3 levels left

rFire   . . .        a - +1 shortbow
rCold   . . .        (shield currently unavailable)
rNeg    . . .        c - +0 leather armour
rPois   .            (no helmet)
rElec   .            (no cloak)
rCorr   .            (no gloves)
SInv    .            (no boots)
Will    .....        (no amulet)
Stlth   ++           (no ring)
HPRegen 0.24/turn    (no ring)
MPRegen 0.10/turn

%: no passive effects
@: on berserk cooldown, slowed, very slow
A: no striking features
a: no special abilities


You were on level 2 of the Dungeon.
You visited 1 branch of the dungeon, and saw 2 of its levels.

You collected 87 gold pieces.


   Skills:
 - Level 1.5 Fighting
 + Level 7.6 Ranged Weapons
 - Level 2.4 Dodging
 - Level 1.2 Stealth


You had 3 spell levels left.
You didn't know any spells.
Your spell library was empty.

Inventory:

Hand Weapons
 a - a +1 shortbow (weapon)
Armour
 b - a +0 ring mail
 c - a +0 leather armour (worn)
Scrolls
 d - a scroll of blinking {unknown}

Dungeon Overview and Level Annotations

Branches:
Dungeon (2/15)

Altars:

Annotations:
D:2 Sigmund


Message History

The arrow hits Sigmund but does no damage.
Sigmund is lightly wounded.
Sigmund misses you.
You see here 6 gold pieces.
You shoot an arrow. The arrow closely misses Sigmund.
Sigmund hits you from afar with a +0 scythe.
You shoot an arrow. The arrow hits Sigmund.
Sigmund is moderately wounded.
You shoot an arrow. The arrow hits Sigmund.
Sigmund is heavily wounded.
Sigmund barely misses you.
You shoot an arrow. The arrow hits Sigmund!
Sigmund is severely wounded.
Sigmund casts a spell at you. You resist with some effort.
You shoot an arrow. The arrow hits Sigmund.
Sigmund is almost dead.
Sigmund gestures at you while chanting.
You are confused.
1073 ||| DRINKING bubbling brown potion.
It was a potion of magic.
Magic courses through your body.
Sigmund points at you and mumbles some strange words.
You resist with some effort.
1074 ||| DRINKING viscous clear potion.
It was a potion of berserk rage.
A red film seems to cover your vision as you go berserk!
You feel yourself moving faster!
You feel mighty! Sigmund closely misses you.
You feel a strong urge to attack something.
Sigmund says, "Don't worry, I'll kill you fast."
Sigmund hits you from afar with a +0 scythe!
You feel your anger nearly subside.
You are no longer berserk.
You are exhausted.
You feel yourself slow down.
Sigmund hits you from afar with a +0 scythe!
You feel less confused. Sigmund casts a spell at you. The magic dart hits you!
You die...
Sigmund begins carving another notch in his scythe.

#.. ##### #.#
#######...######.###
..........'........#
..
###%###...######.#.#
.. #.##.........#.#
# ### ..
#.##.#######.#.#
#.... .. #.##.#
##....#.#@..... ..
#.##.#
#......@.....# ..
#.##.#
#.........#.... ##
#.##.# #.#...>.#.#
## #.##.#
#.........# #.##.#
###)##.#### #.##.#
#( #. #[##.# # #.
#.##.### #.
#.##...###.#


You could see Sigmund.

Vanquished Creatures
  3 gnolls (D:2)
  2 adders (D:2)
  2 endoplasms (D:1)
  2 giant cockroaches
  5 goblins
  5 hobgoblins
  2 kobolds (D:2)
  2 quokkas (D:1)
  4 ball pythons
  2 bats (D:1)
  A frilled lizard (D:2)
  3 rats
33 creatures vanquished.

Notes
Turn   | Place    | Note
-------+----------+-------------------------------------------
     0 | D:1      | qw the Deep Elf Hunter began the quest for the Orb.
     0 | D:1      | Reached XP level 1. HP: 12/12 MP: 3/3
     0 | D:1      | 0 ||| qw: Version: 0.3-a-160-g6735b56
     0 | D:1      | 0 ||| qw: Game counter: 4625
     0 | D:1      | 0 ||| qw: Melee chars always use a shield: true
     0 | D:1      | 0 ||| qw: God list: Okawaru
     0 | D:1      | 0 ||| qw: Allow faded altars: false
     0 | D:1      | 0 ||| qw: Do Orc after clearing Dungeon:15 true
     0 | D:1      | 0 ||| qw: Do second Lair branch before Depths: true
     0 | D:1      | 0 ||| qw: Lair rune preference: random
     0 | D:1      | 0 ||| qw: Goals: Normal
     0 | D:1      | 0 ||| PLANNING D:1-11
   171 | D:1      | Reached skill level 6 in Ranged Weapons
   171 | D:1      | Reached XP level 2. HP: 16/16 MP: 4/4
   698 | D:1      | 698 ||| READING scroll labelled QIPEPS KEOMUFUPLO.
   698 | D:1      | 698 ||| IDENTIFYING smoky red potion
   699 | D:1      | 699 ||| READING scroll labelled CEAHIL HUAWK.
   704 | D:1      | 704 ||| READING scroll labelled CUPLI IPPU.
   704 | D:1      | 704 ||| ENCHANTING +0 shortbow.
   705 | D:1      | 705 ||| DROPPING scroll of butterflies.
   706 | D:1      | 706 ||| DROPPING potion of brilliance.
   756 | D:2      | Reached XP level 3. HP: 20/20 MP: 5/5
   777 | D:2      | Reached skill level 7 in Ranged Weapons
   851 | D:2      | Reached XP level 4. HP: 18/25 MP: 6/6
   890 | D:2      | Found a faded altar of an unknown god.
  1064 | D:2      | Noticed Sigmund
  1073 | D:2      | 1073 ||| DRINKING bubbling brown potion.
  1074 | D:2      | 1074 ||| DRINKING viscous clear potion.
  1079 | D:2      | Killed from afar by Sigmund

Levels and vault maps discovered:
D:1:      orjb1_lava_funnel, layout_loops_ring, serial_glass, glass_columns_a,
          glass_columns_c
D:2:      layout_basic, shapermc_ecumenical_altar_pompeii, uniq_sigmund

Skill      XL: |  1  2  3 |
---------------+----------+-----
Ranged Weapons | 6 7 |  7.6
Fighting       | |  1.5
Dodging        | |  2.4
Stealth        | |  1.2

Action                     |  1- 3 |  4- 6 || total
---------------------------+-------+-------++-------
   Fire: Shortbow          |    70 |    24 ||    94
    Use: Scroll            |     3 |       ||     3
         Potion            |       |     2 ||     2
 Armour: Leather armour    |     9 |     4 ||    13
  Dodge: Dodged            |    10 |     5 ||    15

Table legend:
 A = Non-vault XP
 B = Vault XP
 C = Vault XP percentage of total XP
 D = Non-vault monster count
 E = Vault monster count
 F = Vault count percentage of total count
                 A         B        C        D         E       F
            +---------+---------+-------+---------+---------+-------
      Total |     117 |       0 |   0.0 |      33 |       0 |   0.0
            +---------+---------+-------+---------+---------+-------
        D:1 |      32 |       0 |   0.0 |      19 |       0 |   0.0
        D:2 |      85 |       0 |   0.0 |      14 |       0 |   0.0
            +---------+---------+-------+---------+---------+-------
